[Event "December 19 Early 2023"]
[Site "https://www.chess.com"]
[Date "2023.12.19"]
[Round "3"]
[White "Cervantes Landeiro, Thalia"]
[Black "Rustemov, Alexander"]
[Result "1/2-1/2"]
[Board "88"]
[TimeControl "180+1"]
[WhiteFideId "3520498"]
[BlackFideId "4119002"]
[WhiteElo "2189"]
[BlackElo "2789"]
[WhiteTeam "USA"]
[BlackTeam "RUS"]
[WhiteClock "0:00:14"]
[BlackClock "0:00:25"]

1. d4 d5 2. c4 c6 3. Nf3 Nf6 4. e3 a6 5. Bd3 Bg4 6. Nbd2 e6 7. b3 Nbd7 8. h3 Bh5 9. Bb2 Bd6 10. O-O O-O 11. Qc2 Bg6 12. Ne5 Bxd3 13. Qxd3 Qe7 14. Nxd7 Qxd7 15. c5 Bc7 16. f4 g6 17. b4 Nh5 18. a4 f5 19. Bc3 Ng3 20. Rfb1 Ne4 21. Nxe4 fxe4 22. Qe2 b5 23. axb5 axb5 24. Ra2 Ra4 25. Rba1 Rfa8 26. Rxa4 bxa4 27. Qc2 Qc8 28. Rxa4 Qb7 29. Qa2 Rxa4 30. Qxa4 Kf7 31. Be1 Bd8 32. Bd2 Ke8 33. Kh2 Kd7 34. Qa2 Kc8 35. Qa4 Kb8 36. Qd1 Kc8 37. Qg4 Qf7 38. Qe2 Qb7 39. g4 Qa8 40. f5 exf5 41. gxf5 Qa2 42. fxg6 hxg6 43. Qg2 Bc7+ 44. Kh1 Qb1+ 45. Qg1 Qc2 46. Be1 Qe2 47. Bg3 Qf3+ 48. Kh2 Qe2+ 49. Kh1 Qf3+ 50. Kh2 Qe2+ 51. Kh1 1/2-1/2

[Event "December 19 Early 2023"]
[Site "https://www.chess.com"]
[Date "2023.12.19"]
[Round "3"]
[White "Buksa, Nataliya"]
[Black "Yuan, Qingyu"]
[Result "1/2-1/2"]
[Board "89"]
[TimeControl "180+1"]
[WhiteFideId "14123622"]
[BlackFideId "8609772"]
[WhiteElo "2316"]
[BlackElo "2359"]
[WhiteTeam "UKR"]
[BlackTeam "CHN"]
[WhiteClock "0:00:05"]
[BlackClock "0:00:04"]

1. e4 e5 2. Nf3 Nf6 3. Nxe5 d6 4. Nf3 Nxe4 5. d4 d5 6. Bd3 Nc6 7. O-O Be7 8. c3 Bf5 9. Bc2 O-O 10. Nbd2 Re8 11. Re1 Nd6 12. Bxf5 Nxf5 13. Ne5 Nxe5 14. dxe5 Bc5 15. Nf3 h6 16. Qd3 Qd7 17. Bf4 Rad8 18. Rad1 c6 19. h3 Qe6 20. g4 Ne7 21. Nd4 Bxd4 22. cxd4 f5 23. exf6 Qxf6 24. Be5 Qf7 25. f4 Nc8 26. f5 Nd6 27. Bxd6 Rxd6 28. Qa3 Rdd8 29. Qxa7 Qc7 30. Qa3 Qf4 31. Kg2 Ra8 32. Qd3 Rxe1 33. Rxe1 Rxa2 34. Re8+ Kf7 35. Qe2 Rxb2 36. Re7+ Kf8 37. Qxb2 Kxe7 38. Qxb7+ Kf8 39. Qc8+ Kf7 40. Qe6+ Kf8 41. Qe5 Qd2+ 42. Kg3 Qd3+ 43. Kh4 Qd2 44. Qd6+ Kg8 45. Qe6+ Kf8 46. Qc8+ Kf7 47. Qc7+ Kg8 48. Qd8+ Kh7 49. Qe7 Qxd4 50. Qe8 Qf6+ 51. Kg3 Qd6+ 52. Kf3 d4 53. h4 Qf6 54. Kg3 Qd6+ 55. Kf3 Qd5+ 56. Kf4 Qd6+ 57. Kf3 1/2-1/2

[Event "December 19 Early 2023"]
[Site "https://www.chess.com"]
[Date "2023.12.19"]
[Round "3"]
[White "Suyarov, Mukhammadzokhid"]
[Black "Shishkov, Andrei"]
[Result "1-0"]
[Board "90"]
[TimeControl "180+1"]
[WhiteFideId "14210495"]
[BlackFideId "4500563"]
[WhiteElo "2449"]
[BlackElo "2241"]
[WhiteTeam "UZB"]
[BlackTeam "EST"]
[WhiteClock "0:01:14"]
[BlackClock "0:00:00"]

1. d4 Nf6 2. c4 e6 3. Nc3 Bb4 4. e3 O-O 5. Bd2 d5 6. Nf3 c5 7. a3 Bxc3 8. Bxc3 Ne4 9. Rc1 Nxc3 10. Rxc3 cxd4 11. Nxd4 Nc6 12. cxd5 Nxd4 13. Qxd4 Qxd5 14. Qxd5 exd5 15. Be2 Be6 16. Rc7 Rab8 17. Kd2 Rfc8 18. Rhc1 Kf8 19. Bf3 Rxc7 20. Rxc7 Ke8 21. Rc5 b6 22. Rc7 a5 23. b4 axb4 24. axb4 Ra8 25. Rb7 Ra2+ 26. Kc3 Rxf2 27. Rxb6 Kd7 28. b5 Ra2 29. Ra6 Rf2 30. Kd4 Rf1 31. Ra3 Rb1 32. Kc5 Rc1+ 33. Kb6 Kd6 34. Ka7 Rb1 35. b6 Bd7 36. b7 Kc7 37. Rc3+ Bc6 38. b8=Q+ Rxb8 39. Rxc6+ Kxc6 40. Kxb8 Kc5 41. Kc7 1-0

[Event "December 19 Early 2023"]
[Site "https://www.chess.com"]
[Date "2023.12.19"]
[Round "3"]
[White "Postny, Evgeny"]
[Black "Azali, Tannaz"]
[Result "1-0"]
[Board "91"]
[TimeControl "180+1"]
[WhiteFideId "2804344"]
[BlackFideId "12537721"]
[WhiteElo "2505"]
[BlackElo "1828"]
[WhiteTeam "ISR"]
[BlackTeam "IRI"]
[WhiteClock "0:00:05"]
[BlackClock "0:00:19"]

1. e4 c5 2. Nf3 e6 3. b3 a6 4. Bb2 Nc6 5. c4 d6 6. d4 cxd4 7. Nxd4 Nge7 8. Be2 Nxd4 9. Qxd4 Nc6 10. Qe3 e5 11. O-O Be7 12. Nc3 Be6 13. Nd5 Bxd5 14. exd5 Nb8 15. f4 exf4 16. Rxf4 O-O 17. Raf1 Nd7 18. Qg3 Ne5 19. Rf5 f6 20. Rh5 b5 21. Qh3 h6 22. Qe6+ Kh8 23. Bg4 bxc4 24. Bf5 Qc7 25. Bxe5 dxe5 26. Bb1 Bc5+ 27. Kh1 Qf7 28. Qf5 Qg8 29. Qg6 Ra7 30. Rf3 f5 31. Rfxf5 Rxf5 32. Rxf5 e4 33. Bxe4 Re7 34. Rf1 c3 35. Rf8 1-0

[Event "December 19 Early 2023"]
[Site "https://www.chess.com"]
[Date "2023.12.19"]
[Round "3"]
[White "Van Foreest, Machteld"]
[Black "Skvortsov, Andrei"]
[Result "0-1"]
[Board "92"]
[TimeControl "180+1"]
[WhiteFideId "1051563"]
[BlackFideId "24108600"]
[WhiteElo "2212"]
[BlackElo "2338"]
[WhiteTeam "NED"]
[BlackTeam "MNE"]
[WhiteClock "0:00:31"]
[BlackClock "0:01:08"]

1. e4 d5 2. exd5 Qxd5 3. Nc3 Qe5+ 4. Be2 Bg4 5. d4 Bxe2 6. Ngxe2 Qa5 7. O-O Nf6 8. d5 c6 9. dxc6 Nxc6 10. Bf4 Rd8 11. Qe1 e6 12. Rd1 Rxd1 13. Qxd1 Be7 14. Bd6 O-O 15. Bxe7 Nxe7 16. Qd6 Nc6 17. Nd4 Nxd4 18. Qxd4 Rd8 19. Qh4 h6 20. h3 Rd2 21. Qf4 Qd8 22. Qa4 a6 23. Qb3 b5 24. a4 b4 25. Qxb4 Rxc2 26. Rd1 Rd2 27. Rxd2 Qxd2 28. Qb8+ Kh7 29. Qa7 Qxb2 30. Qc7 Qc1+ 31. Kh2 Ne4 32. Nd5 Qd2 33. Ne7 Qxf2 34. Qb8 Nf6 35. Qb1+ g6 36. Qb8 Qh4 37. Kg1 Qd4+ 38. Kh2 Qxa4 39. Qf8 Qe8 40. Nxg6 Qxf8 41. Nxf8+ Kg7 0-1

[Event "December 19 Early 2023"]
[Site "https://www.chess.com"]
[Date "2023.12.19"]
[Round "3"]
[White "Czerw, Dawid"]
[Black "Javakhadze, Zurab"]
[Result "0-1"]
[Board "93"]
[TimeControl "180+1"]
[WhiteFideId "1145746"]
[BlackFideId "13603647"]
[WhiteElo "2144"]
[BlackElo "2374"]
[WhiteTeam "POL"]
[BlackTeam "GEO"]
[WhiteClock "0:00:00"]
[BlackClock "0:00:04"]

1. e4 g6 2. d4 Bg7 3. Nc3 d6 4. f4 Nf6 5. Nf3 c5 6. dxc5 Qa5 7. Qd4 Nc6 8. Bb5 O-O 9. Bxc6 bxc6 10. Bd2 dxc5 11. Qf2 Ba6 12. e5 Ng4 13. Qh4 h5 14. h3 Nh6 15. g4 Qb4 16. Rb1 Rad8 17. gxh5 Nf5 18. Qg4 Rxd2 19. Kxd2 Rd8+ 20. Kc1 Bh6 21. Ng5 Qd4 22. Ra1 Ne3 23. Rd1 Nxg4 24. Rxd4 cxd4 25. hxg4 dxc3 26. bxc3 f6 27. Ne6 Rb8 28. Rb1 Rxb1+ 29. Kxb1 Kf7 30. f5 gxf5 31. gxf5 fxe5 32. Nc5 Bc8 33. Kb2 Bxf5 0-1

[Event "December 19 Early 2023"]
[Site "https://www.chess.com"]
[Date "2023.12.19"]
[Round "3"]
[White "Nilsen, Tobias Lang"]
[Black "Weetik, Vjacheslav"]
[Result "0-1"]
[Board "94"]
[TimeControl "180+1"]
[WhiteFideId "1521624"]
[BlackFideId "4153472"]
[WhiteElo "2221"]
[BlackElo "2469"]
[WhiteTeam "NOR"]
[BlackTeam "RUS"]
[WhiteClock "0:00:01"]
[BlackClock "0:00:11"]

1. e4 e5 2. Nf3 Nc6 3. Bc4 Nf6 4. d3 Bc5 5. c3 d6 6. O-O a6 7. a4 Ba7 8. Re1 h6 9. Nbd2 O-O 10. h3 Ne7 11. Nf1 Ng6 12. Ng3 Re8 13. d4 Be6 14. Bd3 a5 15. Be3 c6 16. Nh2 d5 17. dxe5 Nxe5 18. Bxa7 Rxa7 19. Bf1 Ng6 20. e5 Nd7 21. f4 Nxf4 22. Qd4 Qb6 23. Nf3 Ng6 24. Bd3 Ne7 25. Kh2 Qxd4 26. cxd4 b6 27. Rac1 Rb8 28. Nh5 Nf8 29. Nf4 Bd7 30. g4 Ne6 31. Kg3 b5 32. axb5 cxb5 33. Rc2 a4 34. Ra1 b4 35. Nxe6 Bxe6 36. Nd2 g5 37. Nb1 Rb6 38. Nd2 Nc6 39. Nf3 a3 40. bxa3 Rxa3 41. Rxa3 bxa3 42. Ra2 Rb3 43. Bc2 Rc3 44. Kf2 Nb4 45. Rxa3 Rxa3 0-1

[Event "December 19 Early 2023"]
[Site "https://www.chess.com"]
[Date "2023.12.19"]
[Round "3"]
[White "Martinez Ramirez, Lennis"]
[Black "Bon, Michael"]
[Result "1-0"]
[Board "95"]
[TimeControl "180+1"]
[WhiteFideId "3509079"]
[BlackFideId "620696"]
[WhiteElo "2405"]
[BlackElo "2474"]
[WhiteTeam "CUB"]
[BlackTeam "FRA"]
[WhiteClock "0:00:33"]
[BlackClock "0:00:06"]

1. b3 g6 2. Bb2 Nf6 3. e4 Bg7 4. e5 Ng8 5. Nf3 d6 6. Bc4 d5 7. Be2 c5 8. h3 Nc6 9. O-O e6 10. c3 Nge7 11. d4 O-O 12. Na3 cxd4 13. cxd4 Qb6 14. Nb5 Bd7 15. Nd6 Nc8 16. Ba3 Nxd6 17. Bxd6 Rfc8 18. b4 Bf8 19. Bc5 Qd8 20. Qd2 Bg7 21. Rac1 b6 22. Bd6 Ne7 23. Ba6 Rxc1 24. Rxc1 Nf5 25. Bc7 Qe8 26. g4 Bh6 27. g5 Bf8 28. Bb7 Rb8 29. Bxb8 Qxb8 30. Bc6 Bc8 31. b5 h5 32. Qd3 Bb7 33. Bxb7 Qxb7 34. Rc3 Qe7 35. a3 Kg7 36. Kf1 Qd7 37. Kg2 Be7 38. h4 Qd8 39. Kh3 Qd7 40. Rc6 Bf8 41. Qc3 Qe7 42. Rc7 Qxa3 43. Qxa3 Bxa3 44. Rxa7 Bb2 45. Ra4 Bc3 46. Kg2 Kf8 47. Kf1 Ke7 48. Ke2 Kd7 49. Ra7+ Ke8 50. Kd3 Bb4 51. Rb7 Ba5 52. Ra7 Bb4 53. Kc2 Ba5 54. Kb3 Kf8 55. Rxa5 bxa5 56. b6 Ne7 57. Ka4 Nc6 58. Kb5 Nb8 59. Ne1 Ke7 60. Nd3 Kd7 61. Nc5+ Kc8 62. Kxa5 Nc6+ 63. Ka6 Nb4+ 64. Ka7 Nc6+ 65. Ka8 Na5 66. b7+ Nxb7 67. Nxb7 Kc7 68. Nd6 Kc6 69. Nxf7 Kb5 70. Nd8 Kc4 71. Nxe6 Kd3 72. Nf8 Kxd4 73. e6 1-0

[Event "December 19 Early 2023"]
[Site "https://www.chess.com"]
[Date "2023.12.19"]
[Round "3"]
[White "Halkias, Stelios"]
[Black "Rakhimgaliyev, Yerlan"]
[Result "1-0"]
[Board "96"]
[TimeControl "180+1"]
[WhiteFideId "4201809"]
[BlackFideId "13705148"]
[WhiteElo "2462"]
[BlackElo "2261"]
[WhiteTeam "GRE"]
[BlackTeam "KAZ"]
[WhiteClock "0:00:09"]
[BlackClock "0:00:00"]

1. Nf3 Nf6 2. c4 g6 3. Nc3 Bg7 4. e4 d6 5. d4 O-O 6. Be2 e5 7. Be3 Ng4 8. Bg5 f6 9. Bh4 Nc6 10. d5 Ne7 11. Nd2 Nh6 12. f3 g5 13. Bf2 f5 14. c5 Ng6 15. O-O Nf4 16. Nc4 g4 17. fxg4 Nxg4 18. Bxg4 fxg4 19. cxd6 cxd6 20. Nb5 Rf6 21. Nxa7 Rh6 22. Nxc8 Rxc8 23. Ne3 Qg5 24. Nf5 Rh5 25. Be3 Rf8 26. Qd2 Rxf5 27. exf5 Rxh2 28. Kxh2 Qh4+ 29. Kg1 g3 30. Rxf4 exf4 31. Bb6 Qh2+ 32. Kf1 f3 33. Bg1 Qh5 34. Qc2 f2 35. Qc8+ Bf8 36. Qe6+ Kg7 37. f6+ Kh8 38. Rc1 fxg1=Q+ 39. Kxg1 Qh2+ 40. Kf1 Qh1+ 41. Ke2 Qxc1 42. Qf7 Qxb2+ 43. Kf3 Qc3+ 44. Kg4 Qc4+ 45. Kh3 Qc8+ 46. Kxg3 Bh6 47. Kh4 Qg8 48. Qe6 Qg5+ 49. Kh3 1-0

[Event "December 19 Early 2023"]
[Site "https://www.chess.com"]
[Date "2023.12.19"]
[Round "3"]
[White "Onyshchuk, Volodymyr"]
[Black "Dmitrenko, Viktor"]
[Result "1-0"]
[Board "97"]
[TimeControl "180+1"]
[WhiteFideId "14114038"]
[BlackFideId "14110270"]
[WhiteElo "2643"]
[BlackElo "2292"]
[WhiteTeam "UKR"]
[BlackTeam "UKR"]
[WhiteClock "0:00:49"]
[BlackClock "0:00:02"]

1. e4 c5 2. Nf3 e6 3. b3 Nc6 4. Bb2 d5 5. exd5 exd5 6. Bb5 Nf6 7. O-O Be7 8. Ne5 Bd7 9. Nxd7 Qxd7 10. d4 cxd4 11. Bxd4 O-O 12. Bb2 a6 13. Bd3 Rfe8 14. Nd2 Rad8 15. Nf3 Ne4 16. Re1 Bf6 17. Bxf6 Nxf6 18. Rxe8+ Rxe8 19. Qd2 Ne5 20. Nxe5 Rxe5 21. Re1 Qe6 22. Rxe5 Qxe5 23. g3 g6 24. a4 Ne4 25. Qb4 Nd6 26. Qb6 Kg7 27. Kg2 Qf6 28. a5 Ne4 29. Qe3 Qc3 30. Qb6 Qc6 31. Qxc6 bxc6 32. Bxa6 Nd6 33. Bb7 c5 34. Bxd5 Kf6 35. a6 Nc8 36. f4 Ke7 37. Kf3 f6 38. h4 Kd6 39. Bg8 h6 40. Bf7 g5 41. Kg4 gxf4 42. gxf4 1-0

[Event "December 19 Early 2023"]
[Site "https://www.chess.com"]
[Date "2023.12.19"]
[Round "3"]
[White "Mazurkiewicz, Michal"]
[Black "Harshavardhan G B"]
[Result "0-1"]
[Board "98"]
[TimeControl "180+1"]
[WhiteFideId "1124943"]
[BlackFideId "25059009"]
[WhiteElo "2103"]
[BlackElo "2290"]
[WhiteTeam "POL"]
[BlackTeam "IND"]
[WhiteClock "0:00:00"]
[BlackClock "0:00:18"]

1. e4 e5 2. Nf3 Nc6 3. Bb5 a6 4. Bxc6 dxc6 5. O-O Bd6 6. d4 exd4 7. Qxd4 f6 8. e5 fxe5 9. Nxe5 Ne7 10. Nc3 Be6 11. Ne4 Nf5 12. Qc3 O-O 13. Bg5 Qe8 14. Rfe1 Bd5 15. Bf4 Nh4 16. Bg3 Bxe5 17. Qxe5 Qxe5 18. Bxe5 Rae8 19. f4 Ng6 20. Nc3 Nxe5 21. Rxe5 Rxe5 22. fxe5 Re8 23. Re1 Kf7 24. Kf2 Ke6 25. Kg3 Rf8 26. Ne2 g5 27. Nd4+ Ke7 28. b3 c5 29. Nf3 Bxf3 30. gxf3 Ke6 31. Kg4 h6 32. Re4 Rd8 33. h4 gxh4 34. f4 Rg8+ 35. Kxh4 Kf5 36. Re1 Rg6 37. Kh5 Re6 38. Rf1 b5 39. c4 bxc4 40. bxc4 a5 41. Kh4 Rb6 42. Kh5 Rb2 43. Kxh6 Rxa2 44. Kg7 Re2 45. Kf7 Re4 46. Rh1 a4 47. e6 Rxe6 48. Rh5+ Kg4 49. Rg5+ Kxf4 50. Rxc5 Ra6 51. Rxc7 a3 52. Rd7 a2 53. Rd1 a1=Q 0-1

[Event "December 19 Early 2023"]
[Site "https://www.chess.com"]
[Date "2023.12.19"]
[Round "3"]
[White "Rostomyan, Mikayel"]
[Black "Kashtanov, Ruslan"]
[Result "1-0"]
[Board "99"]
[TimeControl "180+1"]
[WhiteFideId "13313754"]
[BlackFideId "4124871"]
[WhiteElo "2059"]
[BlackElo "2263"]
[WhiteTeam "ARM"]
[BlackTeam "RUS"]
[WhiteClock "0:00:10"]
[BlackClock "0:00:00"]

1. d4 Nf6 2. Nf3 e6 3. c4 Nc6 4. d5 exd5 5. cxd5 Bb4+ 6. Nc3 Ne7 7. e4 Nxe4 8. Qd4 Bxc3+ 9. bxc3 Nf6 10. c4 O-O 11. Bd3 d6 12. Bg5 Nf5 13. Qf4 Re8+ 14. Kf1 h6 15. Bxf5 hxg5 16. Qxg5 Bxf5 17. Qxf5 Qd7 18. Qd3 Re7 19. h3 Rae8 20. g4 Qa4 21. Kg2 Re4 22. Nd2 Re2 23. Nb3 Nd7 24. Nd4 Nc5 25. Qd1 Qxd1 26. Rhxd1 Rb2 27. Nb5 Re7 28. Re1 Rd7 29. Re8+ Kh7 30. Rae1 a6 31. Nd4 Nd3 32. R1e7 Rxf2+ 33. Kg3 Rxe7 34. Rxe7 Rxa2 35. Rxf7 Ne5 36. Rxc7 Ra4 37. Nf5 Rxc4 38. Rxg7+ Kh8 39. Rxb7 Rc3+ 40. Kh4 Ng6+ 41. Kg5 Ne5 42. h4 Rc4 43. Nh6 Nf3+ 44. Kh5 1-0

[Event "December 19 Early 2023"]
[Site "https://www.chess.com"]
[Date "2023.12.19"]
[Round "3"]
[White "Manukyan, Sargis V."]
[Black "Koellner, Ruben Gideon"]
[Result "1/2-1/2"]
[Board "100"]
[TimeControl "180+1"]
[WhiteFideId "13303465"]
[BlackFideId "12993093"]
[WhiteElo "2236"]
[BlackElo "2347"]
[WhiteTeam "ARM"]
[BlackTeam "GER"]
[WhiteClock "0:00:49"]
[BlackClock "0:01:33"]

1. c4 a6 2. d4 b5 3. cxb5 axb5 4. e4 b4 5. Nf3 Bb7 6. Bd3 e6 7. O-O Nf6 8. Qe2 Be7 9. h4 h6 10. Nbd2 d6 11. Rd1 Nbd7 12. e5 Nd5 13. Nc4 dxe5 14. Ncxe5 O-O 15. Nxd7 Qxd7 16. Ne5 Qc8 17. Bxh6 gxh6 18. Qg4+ Kh8 19. Qh5 Kg7 20. Qg4+ Kh8 21. Qh5 Kg7 22. Qg4+ Kh8 1/2-1/2

[Event "December 19 Early 2023"]
[Site "https://www.chess.com"]
[Date "2023.12.19"]
[Round "3"]
[White "Krysa, Leandro"]
[Black "Mohammadi, Melika"]
[Result "1-0"]
[Board "101"]
[TimeControl "180+1"]
[WhiteFideId "116807"]
[BlackFideId "42529271"]
[WhiteElo "2495"]
[BlackElo "1901"]
[WhiteTeam "ARG"]
[BlackTeam "IRI"]
[WhiteClock "0:02:37"]
[BlackClock "0:01:44"]

1. e4 e5 2. Nf3 Nc6 3. Bc4 Nf6 4. d3 Be7 5. O-O O-O 6. a4 d6 7. h3 Na5 8. Ba2 c5 9. Nc3 Nc6 10. Bg5 Be6 11. Bxf6 Bxf6 12. Nd5 g6 13. c3 Qe7 14. Nxe7+ 1-0

[Event "December 19 Early 2023"]
[Site "https://www.chess.com"]
[Date "2023.12.19"]
[Round "3"]
[White "Bagrationi, Alexander"]
[Black "Haring, Filip"]
[Result "0-1"]
[Board "102"]
[TimeControl "180+1"]
[WhiteFideId "14104954"]
[BlackFideId "14933080"]
[WhiteElo "2366"]
[BlackElo "2375"]
[WhiteTeam "ISR"]
[BlackTeam "SVK"]
[WhiteClock "0:00:34"]
[BlackClock "0:01:44"]

1. d4 e6 2. e4 d5 3. exd5 exd5 4. Bd3 Nf6 5. h3 c5 6. dxc5 Bxc5 7. Nf3 O-O 8. O-O Nc6 9. Bg5 h6 10. Bh4 g5 11. Bg3 Ne4 12. Kh2 f5 13. c4 f4 14. cxd5 fxg3+ 15. fxg3 Nxg3 16. Re1 Qd6 17. dxc6 Nf1+ 18. Kh1 Qh2+ 19. Nxh2 Ng3# 0-1

[Event "December 19 Early 2023"]
[Site "https://www.chess.com"]
[Date "2023.12.19"]
[Round "3"]
[White "Kanyamarala, Trisha"]
[Black "Feuerstack, Aljoscha"]
[Result "0-1"]
[Board "103"]
[TimeControl "180+1"]
[WhiteFideId "45004722"]
[BlackFideId "4681932"]
[WhiteElo "2078"]
[BlackElo "2418"]
[WhiteTeam "IRL"]
[BlackTeam "GER"]
[WhiteClock "0:00:56"]
[BlackClock "0:00:25"]

1. c4 c6 2. Nc3 d5 3. e3 g6 4. Nf3 Bg7 5. b3 dxc4 6. Bxc4 b5 7. Bxf7+ Kxf7 8. Ng5+ Ke8 9. Qf3 Nf6 10. d4 b4 11. Nce4 Qd5 12. O-O Nxe4 13. Nxe4 Rf8 14. Qg3 Qxe4 15. Bd2 c5 16. Qc7 Bb7 17. f3 Qc6 18. Qg3 Nd7 19. Rac1 Kf7 20. Bxb4 Qd6 21. dxc5 Qxg3 22. hxg3 Rfc8 23. Rfd1 Ke8 24. a4 a5 25. Ba3 Ra6 26. Rc4 Rac6 27. Rh4 h5 28. Re4 Nxc5 29. Red4 Bxd4 0-1

[Event "December 19 Early 2023"]
[Site "https://www.chess.com"]
[Date "2023.12.19"]
[Round "3"]
[White "Wu, Derek"]
[Black "Omariev, Maksim"]
[Result "1-0"]
[Board "104"]
[TimeControl "180+1"]
[WhiteFideId "30914558"]
[BlackFideId "4193423"]
[WhiteElo "2211"]
[BlackElo "2457"]
[WhiteTeam "USA"]
[BlackTeam "RUS"]
[WhiteClock "0:01:39"]
[BlackClock "0:00:00"]

1. d4 d5 2. Nc3 Nf6 3. Bf4 Bf5 4. e3 e6 5. Bd3 Bg6 6. h4 Bd6 7. h5 Bxh5 8. Rxh5 Nxh5 9. Bxd6 cxd6 10. Qxh5 Nd7 11. Nf3 Nf6 12. Qg5 O-O 13. O-O-O h6 14. Qg3 Rc8 15. Rh1 Kh8 16. Qf4 Ng8 17. g4 f6 18. Nh4 Ne7 19. e4 g5 20. Qe3 dxe4 21. Qxe4 f5 22. Qxe6 Kg7 23. Nxf5+ Nxf5 24. Bxf5 1-0

[Event "December 19 Early 2023"]
[Site "https://www.chess.com"]
[Date "2023.12.19"]
[Round "3"]
[White "Forgacs, Attila Jr."]
[Black "Aaditya Dhingra"]
[Result "0-1"]
[Board "105"]
[TimeControl "180+1"]
[WhiteFideId "773654"]
[BlackFideId "25678191"]
[WhiteElo "2168"]
[BlackElo "2269"]
[WhiteTeam "HUN"]
[BlackTeam "IND"]
[WhiteClock "0:00:02"]
[BlackClock "0:00:42"]

1. Nc3 a6 2. e3 b5 3. Nf3 Bb7 4. b3 c5 5. Bb2 Nf6 6. d4 Qc7 7. dxc5 e6 8. b4 Nc6 9. a3 d6 10. cxd6 Bxd6 11. Bd3 O-O 12. Qe2 Nxb4 13. O-O Bxf3 14. Qxf3 Bxh2+ 15. Kh1 Nxd3 16. cxd3 Be5 17. Rac1 Qd7 18. Qe2 Rac8 19. f4 Bxc3 20. Bxc3 Nd5 21. Bd4 f6 22. Qb2 Rxc1 23. Rxc1 Rc8 24. Rc2 Rxc2 25. Qxc2 Nxf4 26. exf4 Qxd4 27. Qc8+ Kf7 28. Qxa6 Qxd3 29. Qc6 Qf1+ 30. Kh2 Qxf4+ 31. Kh1 Qh4+ 32. Kg1 Qe1+ 33. Kh2 Qe5+ 34. Kh1 h5 35. Qd7+ Kg6 36. Qe8+ Kh7 37. Qd7 Qd5 38. Qf7 Qf5 39. Qe8 h4 40. Kg1 Qc5+ 41. Kh2 Qe5+ 42. Kg1 h3 43. gxh3 Qg3+ 44. Kf1 Qxh3+ 45. Ke2 Qg4+ 46. Kd2 Qd4+ 47. Ke1 Qe5+ 48. Kf2 Qf5+ 49. Ke1 Kh6 50. Qh8+ Kg6 51. Qe8+ Kg5 52. Qe7 g6 53. Qe8 Qe5+ 54. Kf1 Qf5+ 55. Ke2 Qe4+ 56. Kf2 Kf4 57. Qxb5 Qd4+ 58. Kg2 Qd5+ 59. Qxd5 exd5 60. a4 Ke5 0-1

[Event "December 19 Early 2023"]
[Site "https://www.chess.com"]
[Date "2023.12.19"]
[Round "3"]
[White "Gontcharov, Vladislav"]
[Black "Lacasa Diaz, Josep Anton"]
[Result "1/2-1/2"]
[Board "106"]
[TimeControl "180+1"]
[WhiteFideId "4123492"]
[BlackFideId "2203375"]
[WhiteElo "2420"]
[BlackElo "2338"]
[WhiteTeam "RUS"]
[BlackTeam "ESP"]
[WhiteClock "0:00:18"]
[BlackClock "0:00:09"]

1. d4 d5 2. c4 e6 3. Nc3 c5 4. cxd5 exd5 5. Nf3 Nc6 6. g3 Nf6 7. Bg2 cxd4 8. Nxd4 Bc5 9. Nb3 Bb6 10. O-O d4 11. Na4 O-O 12. Bg5 h6 13. Bxf6 Qxf6 14. Nxb6 axb6 15. Bxc6 bxc6 16. Qxd4 Rd8 17. Qxf6 gxf6 18. Rfd1 Rxd1+ 19. Rxd1 Be6 20. Nd4 Rxa2 21. Nxc6 Rxb2 22. e4 Bg4 23. Re1 b5 24. Kg2 b4 25. h3 Be6 26. Nd4 b3 27. Rc1 Rd2 28. Nxe6 fxe6 29. Rc8+ Kf7 30. Rb8 b2 31. Kf3 Ke7 32. Ke3 Rc2 33. h4 Kd6 34. g4 e5 35. f3 Kc7 36. Rb3 Kd6 37. Rb8 Rh2 38. Kd3 Kc5 39. Kc3 Rf2 40. Rc8+ Kd6 41. Rb8 Kc7 42. Rxb2 Rxf3+ 43. Kc4 Rf4 44. Kd5 Rxg4 45. h5 Rh4 46. Rf2 Rxh5 47. Rxf6 Kd7 48. Rf7+ Ke8 49. Rh7 Kf8 50. Ke6 Kg8 51. Ra7 Rg5 52. Kf6 Kh8 53. Re7 Kg8 54. Re8+ Kh7 55. Re6 Rg1 56. Rxe5 Rf1+ 57. Ke6 Kg6 58. Rf5 Re1 59. e5 h5 60. Rf8 h4 61. Rg8+ Kh5 62. Kf5 Rf1+ 63. Ke4 h3 64. e6 Kh4 65. Ke5 h2 66. Rh8+ Kg3 67. e7 Re1+ 68. Kf6 Rxe7 69. Kxe7 Kg2 70. Rxh2+ Kxh2 1/2-1/2

[Event "December 19 Early 2023"]
[Site "https://www.chess.com"]
[Date "2023.12.19"]
[Round "3"]
[White "Thorfinnsson, Bjorn"]
[Black "Bazilius, Augustinas"]
[Result "1-0"]
[Board "107"]
[TimeControl "180+1"]
[WhiteFideId "2300982"]
[BlackFideId "12832251"]
[WhiteElo "2394"]
[BlackElo "2082"]
[WhiteTeam "ISL"]
[BlackTeam "LTU"]
[WhiteClock "0:00:38"]
[BlackClock "0:00:25"]

1. d4 Nf6 2. Nf3 c5 3. c3 g6 4. Bg5 cxd4 5. cxd4 Bg7 6. Nc3 d5 7. e3 Ne4 8. Nxe4 dxe4 9. Nd2 Qa5 10. Bh4 h5 11. Qb3 Nc6 12. Qb5 Qc7 13. Rc1 a6 14. Qb3 Qa5 15. Qc3 Qf5 16. h3 Be6 17. Qc2 Bd5 18. Bc4 e6 19. Qb3 O-O 20. Bxd5 exd5 21. Rc5 Rfd8 22. Bxd8 Rxd8 23. Qxb7 Nb8 24. O-O Bf8 25. Rc3 Nd7 26. Rc8 Rxc8 27. Qxc8 Kg7 28. Rc1 Bd6 29. Nf1 Qe6 30. Rc6 Qf6 31. Qxa6 Nb8 32. Rxd6 Nxa6 33. Rxf6 Kxf6 34. a3 Ke6 35. Nd2 Kd6 36. Kf1 Kc6 37. b3 Kb5 38. Ke2 Nb8 39. f3 Nc6 40. fxe4 dxe4 41. Nxe4 f5 42. Nc3+ Ka5 43. Kd3 f4 44. exf4 g5 45. fxg5 h4 46. g6 Ne7 47. g7 Ng8 48. Ne4 Nh6 49. Nf6 Kb6 50. g8=Q Nxg8 51. Nxg8 Ka6 52. Nh6 Kb6 53. Nf5 Ka6 54. Nxh4 Kb6 55. Nf3 Ka6 56. Ne5 Kb6 57. h4 Ka6 58. h5 Kb6 59. h6 Ka6 60. h7 Kb6 61. h8=Q Ka6 62. Qf6+ Kb7 63. Qc6+ Ka7 64. Nc4 Kb8 65. Qd7 Ka8 66. g4 Kb8 67. g5 Ka8 68. g6 Kb8 69. g7 Ka8 70. g8=R# 1-0

[Event "December 19 Early 2023"]
[Site "https://www.chess.com"]
[Date "2023.12.19"]
[Round "3"]
[White "Nigalidze, Gaioz"]
[Black "Herman, Daniel"]
[Result "1-0"]
[Board "108"]
[TimeControl "180+1"]
[WhiteFideId "13603078"]
[BlackFideId "30935008"]
[WhiteElo "2400"]
[BlackElo "1897"]
[WhiteTeam "GEO"]
[BlackTeam "USA"]
[WhiteClock "0:00:04"]
[BlackClock "0:00:00"]

1. e4 Nf6 2. e5 Nd5 3. d4 d6 4. c4 Nb6 5. f4 dxe5 6. fxe5 Bf5 7. Nf3 e6 8. Nc3 Bb4 9. a3 Bxc3+ 10. bxc3 O-O 11. Be2 c5 12. O-O Nc6 13. Bg5 Qd7 14. Qd2 Na5 15. dxc5 Qxd2 16. Nxd2 Na4 17. Bf3 Nxc5 18. Be7 Rfc8 19. Bh5 Bg6 20. Bxg6 hxg6 21. Rf3 Nd7 22. Bd6 Nxc4 23. Nxc4 Rxc4 24. Raf1 f5 25. exf6 gxf6 26. Be7 f5 27. Rd1 Ne5 28. Re3 Ng4 29. Rxe6 Rxc3 30. h3 Kf7 31. Ree1 Re3 32. Rxe3 Nxe3 33. Rd7 Nc2 34. Bc5+ Ke6 35. Rxb7 a6 36. Rb2 Na1 37. Bd4 Rd8 38. Rb6+ Kf7 39. Be5 Rd1+ 40. Kh2 Nc2 41. Rxa6 Re1 42. Bf4 Re2 43. a4 Ne1 44. Kg1 Nxg2 45. Bg3 Ne3 46. Ra7+ Ke6 47. Bf2 f4 48. a5 Ra2 49. a6 Kf5 50. Rf7+ Ke4 51. Bxe3 Kxe3 52. a7 Kf3 53. h4 Kg3 54. Kf1 f3 55. Ke1 f2+ 56. Kf1 Ra1+ 57. Ke2 1-0